 Dungeon Crawl Stone Soup version bcrawl-1.37.2 (webtiles) character file.

Game seed: 5149493317744962540

221604 Mehrunes the Thaumaturge (level 9, 0/57 HPs)
             Began as a Mummy Fire Elementalist on Nov 12, 2022.
             Was an Elder of Sif Muna.
             Slain by an orc
             ... wielding a +0 dagger
              (5 damage)
             ... on level 6 of the Dungeon.
             The game lasted 00:10:01 (7380 turns).

Mehrunes the Thaumaturge (Mummy Fire Elementalist)  Turns: 7380, Time: 00:10:02

Health: 0/57       AC:  3    Str: 11    XL:     9   Next: 9%
Magic:  21/21      EV: 12    Int: 18    God:    Sif Muna [****..]
Gold:   364        SH:  0    Dex: 12    Spells: 12/25 levels left

rFire    x . .     GDR:     24% h - +2 whip (drain)
rCold    + . .     SeeInvis .   (no shield)
rNeg     + + +     Gourm    .   a - +0 robe
rPois    ∞         Faith    .   f - +0 helmet
rElec    .         Spirit   .   (no cloak)
rCorr    .         Reflect  .   (no gloves)
MR       +....     Clarity  +   (no boots)
Stlth    ++........             (no amulet)
HPRegen  0.19/turn              (no ring)
MPRegen  0.17/turn              (no ring)

@: no status effects
A: no food or potions, fire vulnerability, clarity, cold resistance 1, negative
energy resistance 3, torment resistance, unbreathing, strong hexes 1
a: Divine Energy, Channel Magic, Forget Spell, Renounce Religion


You were on level 6 of the Dungeon.
You worshipped Sif Muna.
Sif Muna was greatly pleased with you.
You were not hungry.

You visited 1 branch of the dungeon, and saw 6 of its levels.

You collected 364 gold pieces.

Inventory:

Hand Weapons
 h - a +2 whip of draining (weapon)
Missiles
 d - 1084 stones (quivered)
 q - 100 poisoned tomahawks
Armour
 a - a +0 robe (worn)
 f - a +0 helmet (worn)
 s - a scarf of stasis
Wands
 c - a wand of flame (4)
 n - a wand of acid (5)
 r - a wand of polymorph (4)
Scrolls
 b - 10 scrolls of remove curse
 e - 2 scrolls of magic mapping
 i - 5 scrolls of identify
 j - a scroll of enchant weapon {unknown}
 k - a scroll of noise {unknown}
 l - 11 scrolls of teleportation {unknown}
 o - a scroll of fear {unknown}
 p - 3 scrolls of blinking {unknown}
Miscellaneous
 m - a lightning rod (4/4)


   Skills:
 - Level 1.5 Dodging
 - Level 2.1 Stealth
 + Level 8.8 Spellcasting
 + Level 5.7 Conjurations
 + Level 6.3 Fire Magic


You had 12 spell levels left.
You knew the following spells:

 Your Spells              Type           Power        Failure   Level  Hunger
a - Flame Tongue          Conj/Fire      ####.        1%          1    N/A
b - Conjure Flame         Conj/Fire      ####....     2%          3    N/A
c - Sticky Flame          Conj/Fire      ####....     8%          4    N/A
d - Fireball              Conj/Fire      ####......   22%         5    N/A

Your spell library contained the following spells:

 Spells                   Type           Power        Failure   Level  Hunger
 Sting                    Conj/Pois      ###.         2%          1    N/A
 Flaming Arrows           Chrm/Fire      ###.....     3%          2    N/A
 Inner Flame              Hex/Fire       N/A          8%          3    N/A
 Apportation              Tloc           #.....       9%          1    N/A
 Corona                   Hex            ##.....      9%          1    N/A
 Infusion                 Chrm           #.......     9%          1    N/A
 Sandblast                Erth           #.....       9%          1    N/A
 Slow                     Hex            ##......     9%          1    N/A
 Summon Butterflies       Summ           #.......     9%          1    N/A
 Bolt of Draining         Conj/Necr      ###.......   58%         5    N/A
 Simulacrum               Ice/Necr       #.......     100%        6    N/A
 Spellforged Servitor     Conj/Summ      ###.......   100%        7    N/A
 Lehudib's Crystal Spear  Conj/Erth      ###.......   100%        8    N/A

Dungeon Overview and Level Annotations

Branches:
Dungeon (6/12)
 Temple: D:4-7

Altars:
Ashenzari
Dithmenos
Gozag
Kikubaaqudgha
Sif Muna
Uskayaw
Wu Jian
Yredelemnul

Annotations:
D:3 3 runed doors, yrara's ghost, amateur DsFi
D:5 1 runed door
D:6 exclusions: 6 orcs, orc warrior and 21 more exclusions


Innate Abilities, Weirdness & Mutations

You do not eat or drink.
Your flesh is vulnerable to fire.
You are immune to poison.
You possess an exceptional clarity of mind.
Your flesh is cold resistant. (rC+)
You are immune to negative energy. (rN+++)
You are immune to unholy pain and torment.
You can survive without breathing.
Your hexes are more powerful.


Message History

Starting manual walk.
Ranged enemy in view!
The orc throws a stone.
The stone hits you.
* * * LOW HITPOINT WARNING * * *
The orc throws a stone.
The stone misses you.
You see here a plate armour.
The orc throws a stone.
The stone misses you.
The orc shouts!
The orc throws a poisoned tomahawk.
The poisoned tomahawk hits you.
* * * LOW HITPOINT WARNING * * *
The orc throws a poisoned tomahawk.
The poisoned tomahawk barely misses you.
The orc misses you.
As you read the scroll labeled JIOROTZYUMM, it crumbles to dust.
It is a scroll of enchant armour.
Really abort (and waste the scroll)?
Okay, then.
The orc warrior barely misses you.
The orc throws a poisoned tomahawk.
The poisoned tomahawk barely misses you.
The orc hits you with a +0 dagger.
You die...

#.#.#####....).......#
#.#...o.....#####... #
#.#.#######)#####.. #
#o#.#........)..#.# #
#.#.#o###....#÷##.####
#.#.#.# #....#.##)#...
###[#.#.# #....#.##.#.##
#####...o.#.###....#.##.#.##
#....#>...o@o.............##
#.........o.###....##.######
#....#.##.#####....##.##....
#............##....##.##.###
#....#.#.....########.##.##.
##...........########.##.##.
#..........................
#...........#########.#.##.
#...........# #...##.


You could see an orc warrior and 4 orcs.

Vanquished Creatures
  A troll (D:6)
  A crocodile (D:3)
  An orc warrior (D:4)
  An ice beast (D:5)
  3 phantoms
  2 ogres
  2 centaurs (D:6)
  3 scorpions
  4 wights (D:6)
  An orc priest (D:6)
  A bullfrog zombie (D:6)
  2 hounds (D:4)
  2 orc wizards (D:5)
  2 iguanas
  A bullfrog skeleton (D:3)
  4 jellies
  A worker ant (D:3)
  A hound zombie (D:3)
  2 hound skeletons
  2 worker ant zombies (D:6)
  3 gnolls (D:3)
  16 adders
  A shadow imp (D:4)
  An ooze (D:2)
  2 adder zombies
  2 adder skeletons
  5 worms
  3 dart slugs
  8 leopard geckos
  9 orcs
  4 bats
  5 giant cockroaches
  5 goblins
  11 hobgoblins
  6 jackals
  A quokka (D:3)
  A ball python (D:1)
  5 frilled lizards (D:3)
  11 kobolds
  6 rats
142 creatures vanquished.

Notes
Turn   | Place    | Note
-------+----------+-------------------------------------------
     0 | D:1      | Mehrunes the Mummy Fire Elementalist began the quest for
                  | the Orb.
     0 | D:1      | Reached XP level 1. HP: 13/13 MP: 4/4
    94 | D:1      | Reached skill level 1 in Conjurations
   181 | D:1      | Reached skill level 3 in Spellcasting
   181 | D:1      | Reached XP level 2. HP: 19/19 MP: 3/6
   997 | D:2      | Reached XP level 3. HP: 24/24 MP: 5/7
  1121 | D:2      | Found a hide-covered altar of Uskayaw.
  1273 | D:2      | Reached XP level 4. HP: 29/30 MP: 0/9
  1533 | D:2      | Reached skill level 4 in Spellcasting
  2152 | D:3      | Learned a level 3 spell: Conjure Flame
  2157 | D:3      | Learned a level 4 spell: Sticky Flame
  2171 | D:3      | Reached XP level 5. HP: 35/35 MP: 5/11
  3177 | D:3      | Reached XP level 6. HP: 41/41 MP: 6/13
  3223 | D:3      | Reached skill level 5 in Spellcasting
  3444 | D:3      | Found a shimmering blue altar of Sif Muna.
  3461 | D:3      | Became a worshipper of Sif Muna the Loreminder
  3494 | D:3      | Found a shattered altar of Ashenzari.
  3494 | D:3      | Found an ornate altar of the Wu Jian Council.
  3621 | D:3      | Found a runed gate.
  3621 | D:3      | Found a runed gate.
  3621 | D:3      | Found a runed gate.
  3621 | D:3      | Noticed yrara's ghost (amateur DsFi)
  3624 | D:3      | Found a basalt altar of Yredelemnul.
  3741 | D:3      | Learned a level 5 spell: Fireball
  3742 | D:4      | Noticed a crocodile
  3747 | D:3      | Killed a crocodile
  4002 | D:4      | Reached XP level 7. HP: 33/46 MP: 3/15
  4047 | D:4      | Reached * piety under Sif Muna
  4215 | D:4      | Reached skill level 6 in Spellcasting
  4765 | D:4      | Found an opulent altar of Gozag.
  5080 | D:5      | Entered Level 5 of the Dungeon
  5258 | D:5      | Found an ancient bone altar of Kikubaaqudgha.
  5362 | D:5      | Reached ** piety under Sif Muna
  5555 | D:5      | Reached skill level 5 in Fire Magic
  5741 | D:5      | Found a runed door.
  5759 | D:5      | Found a glowing silver altar of Zin.
  5759 | D:5      | Noticed an angel
  5767 | D:5      | Identified Sif Muna's Volume of Confrontation and Dark
                  | Magic (Sif Muna gifted it to you on level 5 of the Dungeon)
  5767 | D:5      | Received a gift from Sif Muna
  5819 | D:5      | Reached skill level 7 in Spellcasting
  5819 | D:5      | Reached XP level 8. HP: 52/52 MP: 13/18
  6577 | D:6      | Reached *** piety under Sif Muna
  6748 | D:6      | Noticed a troll
  6764 | D:6      | Reached skill level 5 in Conjurations
  6771 | D:6      | Killed a troll
  6772 | D:6      | Reached skill level 8 in Spellcasting
  6866 | D:6      | Found an opulent altar of Gozag.
  7011 | D:6      | Found a shadowy altar of Dithmenos.
  7145 | D:6      | Reached **** piety under Sif Muna
  7161 | D:6      | Reached XP level 9. HP: 44/57 MP: 13/21
  7333 | D:6      | HP: 1/57 [orc warrior/+0 scimitar (19)]
  7380 | D:6      | Slain by an orc

Skill      XL: |  1  2  3  4  5  6  7  8 |
---------------+-------------------------+-----
Conjurations   | 1 2 3 4 5 |  5.7
Spellcasting   | 3 4 5 7 8 |  8.8
Fire Magic     | 3 4 5 6 |  6.3
Dodging        | |  1.5
Stealth        | |  2.1

Action                   |  1- 3 |  4- 6 |  7- 9 || total
-------------------------+-------+-------+-------++-------
Melee: Unarmed           |    15 |       |       ||    15
       Whip              |       |    12 |       ||    12
 Cast: Flame Tongue      |    65 |   167 |   166 ||   398
       Conjure Flame     |       |     4 |     8 ||    12
       Sticky Flame      |       |     2 |    12 ||    14
  Use: Scroll            |       |     3 |     1 ||     4
Armor: Robe              |    18 |    11 |     5 ||    34
Dodge: Dodged            |    37 |    58 |    45 ||   140
